 Dungeon Crawl Stone Soup version 0.22-a0-443-g17c3723 (webtiles) character file.

131 4thArraOfDagon the Ducker (level 5, -1/47 HPs)
             Began as a Gnoll Monk on June 1, 2018.
             Slain by a hound (4 damage)
             ... on level 5 of the Dungeon.
             The game lasted 00:01:59 (408 turns).

4thArraOfDagon the Ducker (Gnoll Monk)               Turns: 408, Time: 00:02:00

Health: -1/47      AC:  3    Str: 14    XL:     5   Next: 14%
Magic:  7/7        EV: 16    Int: 18    God:
Gold:   54         SH:  0    Dex: 17    Spells: 6/6 levels left

rFire    . . .     SeeInvis .   a - +0 hand axe
rCold    . . .     Gourm    .   (no shield)
rNeg     . . .     Faith    .   b - +0 robe
rPois    .         Spirit   .   e - +1 hat
rElec    .         Reflect  .   (no cloak)
rCorr    .         Harm     .   (no gloves)
MR       .....                  (no boots)
Stlth    +++.......             (no amulet)
HPRegen  0.15/turn              (no ring)
MPRegen  0.10/turn              (no ring)

@: brilliant, very slightly contaminated, invisible
A: distributed training, fangs 1, strong nose
a: no special abilities


You were on level 5 of the Dungeon.
You were not hungry.

You visited 1 branch of the dungeon, and saw 5 of its levels.

You collected 54 gold pieces.

Inventory:

Hand Weapons
 a - a +0 hand axe (weapon)
Armour
 b - a +0 robe (worn)
 e - a +1 hat (worn)
Scrolls
 f - 2 scrolls of identify {unknown}
 h - 2 scrolls of teleportation {unknown}
 j - 2 scrolls of enchant weapon {unknown}
 k - a scroll of enchant armour {unknown}
Potions
 i - a potion of heal wounds {unknown}
Comestibles
 c - 4 rations


   Skills:
 + Level 6.6 Fighting
 + Level 1.3 Short Blades
 + Level 1.3 Long Blades
 + Level 6.6 Axes
 + Level 1.3 Maces & Flails
 + Level 1.3 Polearms
 + Level 1.3 Staves
 + Level 1.3 Slings
 + Level 1.3 Bows
 + Level 1.3 Crossbows
 + Level 1.3 Throwing
 + Level 1.3 Armour
 + Level 6.6 Dodging
 + Level 4.3 Stealth
 + Level 1.3 Shields
 + Level 1.3 Unarmed Combat
 + Level 1.3 Spellcasting
 + Level 1.1 Conjurations
 + Level 1.1 Hexes
 + Level 1.1 Charms
 + Level 1.1 Summonings
 + Level 1.1 Necromancy
 + Level 1.1 Translocations
 + Level 1.1 Transmutations
 + Level 1.1 Fire Magic
 + Level 1.1 Ice Magic
 + Level 1.1 Air Magic
 + Level 1.1 Earth Magic
 + Level 1.1 Poison Magic
 + Level 1.5 Invocations
 + Level 1.3 Evocations


You had 6 spell levels left.
You didn't know any spells.
Your spell library was empty.

Dungeon Overview and Level Annotations

Branches:
Dungeon (5/15)
 Temple: D:4-7

Altars:

Annotations:
D:5 2 transporters


Innate Abilities, Weirdness & Mutations

Your experience applies equally to all skills.
You have very sharp teeth.
Your uncanny sense of smell can sniff out nearby items.


Message History

The hound is severely wounded.
You hit the gnoll but do no damage. The hound closely misses you.
The gnoll hits you with a flail of protection!
You closely miss the hound.
The hound is severely wounded.
You closely miss the gnoll. The hound bites you.
* * * LOW HITPOINT WARNING * * *
The gnoll misses you. The hound bites you but does no damage.
The gnoll hits you with a flail of protection!
* * * LOW HITPOINT WARNING * * *
Unknown command.
It was a potion of invisibility.
You fade into invisibility!
The hound closely misses you. The gnoll misses you.
You are very lightly contaminated with residual magic.
Unknown command.
It was a potion of brilliance.
You feel clever all of a sudden. The hound bites you.
You die...

#.##.#.......# # #.#......[#
#>###...... # #......#.## #.
#..##.## #
#########.##..##.##.##
#.....................
..##.####.#########.#.###.####
g........gggg@h.......# .#
..###.###############.# .#
#.#8P#≈≈≈;≈≈≈#P8#.# h#
#..#..#.......#..#..# .#
...©#©[+...♣...+/©#©..#.#
.##..#..#.......#..#..... .
....#8P#≈≈;≈≈≈≈#P8#.###..
##..###############.# ##


You could see a hound, 2 electric eels and 4 gnolls.

Vanquished Creatures
  A howler monkey (D:5)
  An orc wizard (D:4)
  A hound skeleton (D:5)
  3 adders (D:2)
  2 leopard geckos (D:2)
  3 orcs
  A bat (D:2)
  A giant cockroach (D:2)
  2 hobgoblins (D:2)
  A jackal (D:5)
  3 kobolds
  A quokka (D:3)
  A ball python (D:2)
  A frilled lizard (D:2)
  A quokka skeleton (D:2)
23 creatures vanquished.

Notes
Turn   | Place    | Note
-------+----------+-------------------------------------------
     0 | D:1      | 4thArraOfDagon the Gnoll Monk began the quest for the Orb.
     0 | D:1      | Reached XP level 1. HP: 23/23 MP: 1/1
   116 | D:2      | Reached XP level 2. HP: 26/29 MP: 2/2
   150 | D:3      | Noticed a scorpion
   183 | D:2      | Reached XP level 3. HP: 33/35 MP: 3/3
   226 | D:2      | Reached skill level 1 in Invocations
   310 | D:4      | Reached skill level 1 in Short Blades
   310 | D:4      | Reached skill level 1 in Long Blades
   310 | D:4      | Reached skill level 1 in Maces & Flails
   310 | D:4      | Reached skill level 1 in Polearms
   310 | D:4      | Reached skill level 1 in Staves
   310 | D:4      | Reached skill level 1 in Slings
   310 | D:4      | Reached skill level 1 in Bows
   310 | D:4      | Reached skill level 1 in Crossbows
   310 | D:4      | Reached skill level 1 in Throwing
   310 | D:4      | Reached skill level 1 in Armour
   310 | D:4      | Reached skill level 1 in Shields
   310 | D:4      | Reached skill level 1 in Unarmed Combat
   310 | D:4      | Reached skill level 1 in Spellcasting
   310 | D:4      | Reached skill level 1 in Evocations
   310 | D:4      | Reached XP level 4. HP: 22/41 MP: 5/5
   349 | D:5      | Entered Level 5 of the Dungeon
   361 | D:5      | Reached skill level 1 in Conjurations
   361 | D:5      | Reached skill level 1 in Hexes
   361 | D:5      | Reached skill level 1 in Charms
   361 | D:5      | Reached skill level 1 in Summonings
   361 | D:5      | Reached skill level 1 in Necromancy
   361 | D:5      | Reached skill level 1 in Translocations
   361 | D:5      | Reached skill level 1 in Transmutations
   361 | D:5      | Reached skill level 1 in Fire Magic
   361 | D:5      | Reached skill level 1 in Ice Magic
   361 | D:5      | Reached skill level 1 in Air Magic
   361 | D:5      | Reached skill level 1 in Earth Magic
   361 | D:5      | Reached skill level 1 in Poison Magic
   373 | D:5      | Found a transporter.
   382 | D:5      | Found a transporter.
   386 | D:5      | Reached XP level 5. HP: 33/47 MP: 5/7
   406 | D:5      | HP: 2/47 [gnoll/flail of protection (11)]
   408 | D:5      | Slain by a hound

Vault maps used:
D:1:      nzn_arrival_settlement, minmay_misc_feat_enclosed
D:2:      first_ration, minmay_misc_feat_hallway
D:3:      grunt_temple_overflow_forces_of_nature, minitemple,
          overflow_temple_1_default, minmay_crystal_water, uniq_sigmund
D:4:      kennysheep_little_box
D:5:      gammafunk_steamed_eel, lemuel_doored_altar,
          minmay_temple_entry_enclosed_plants, roderic_lattice_a,
          uniq_prince_ribbit1

Skill      XL: |  1  2  3  4 |
---------------+-------------+-----
Invocations    | 1 |  1.5
Short Blades   | 1 |  1.3
Long Blades    | 1 |  1.3
Maces & Flails | 1 |  1.3
Polearms       | 1 |  1.3
Staves         | 1 |  1.3
Slings         | 1 |  1.3
Bows           | 1 |  1.3
Crossbows      | 1 |  1.3
Throwing       | 1 |  1.3
Armour         | 1 |  1.3
Shields        | 1 |  1.3
Unarmed Combat | 1 |  1.3
Spellcasting   | 1 |  1.3
Evocations     | 1 |  1.3
Conjurations   | 1 |  1.1
Hexes          | 1 |  1.1
Charms         | 1 |  1.1
Summonings     | 1 |  1.1
Necromancy     | 1 |  1.1
Translocations | 1 |  1.1
Transmutations | 1 |  1.1
Fire Magic     | 1 |  1.1
Ice Magic      | 1 |  1.1
Air Magic      | 1 |  1.1
Earth Magic    | 1 |  1.1
Poison Magic   | 1 |  1.1
Fighting       | |  6.6
Axes           | |  6.6
Dodging        | |  6.6
Stealth        | |  4.3

Action                   |  1- 3 |  4- 6 || total
-------------------------+-------+-------++-------
Melee: Hand axe          |    60 |    18 ||    78
       Bite              |     6 |     3 ||     9
  Use: Potion            |       |     2 ||     2
 Stab: Sleeping          |     4 |       ||     4
       Distracted        |     1 |       ||     1
Armor: Robe              |     9 |     3 ||    12
Dodge: Dodged            |    55 |    23 ||    78

Table legend:
 A = Spawn XP
 B = Non-spawn XP
 C = Spawn XP percentage of total XP
 D = Spawn monster count
 E = Non-spawn monster count
 F = Spawn count percentage of total count
 G = Total turns spent on level
                    A         B        C        D         E        F      G
               +---------+---------+-------+---------+---------+-------+---------
         Total |       0 |     188 |   0.0 |       0 |      23 |   0.0 |   408
               +---------+---------+-------+---------+---------+-------+---------
           D:1 |       0 |       2 |   0.0 |       0 |       1 |   0.0 |    38
           D:2 |       0 |      62 |   0.0 |       0 |      14 |   0.0 |   199
           D:3 |       0 |       2 |   0.0 |       0 |       1 |   0.0 |    44
           D:4 |       0 |      46 |   0.0 |       0 |       3 |   0.0 |    68
           D:5 |       0 |      76 |   0.0 |       0 |       4 |   0.0 |    59
               +---------+---------+-------+---------+---------+-------+---------
